 Dungeon Crawl Stone Soup version 0.32-a0-913-g739538afd8 (webtiles) character file.

Game seed: 4379362509244062368

22134 voltaire321 the Cleaver (level 12, -1/109 (110) HPs)
             Began as a Mountain Dwarf Fighter on Apr 7, 2024.
             Was an Elder of Wu Jian.
             Slain by a spectral orc warrior
             ... wielding a +0 trident
             ... summoned by Nergalle
              (7 damage)
             ... on level 3 of the Lair of Beasts.
             The game lasted 00:31:52 (14773 turns).

voltaire321 the Cleaver (Mountain Dwarf Fighter)   Turns: 14773, Time: 00:31:53

HP:   -1/109 (110)  AC:  9    Str: 28    XL:     12   Next: 60%
MP:   19/19         EV: 14    Int: 12    God:    Wu Jian [****..]
Gold: 611           SH:  6    Dex: 11    Spells: 13/21 levels left

rFire   . . .        y - +4 war axe of Tomorrow {elec, rN+ Int+3}
rCold   . . .        c - +0 buckler
rNeg    + . .        N - +0 acid dragon scales
rPois   .            (no helmet)
rElec   .            (no cloak)
rCorr   +            (no gloves)
SInv    .            (no boots)
Will    ++++.        h - amulet of magic regeneration
Stlth   +            g - +6 ring of dexterity
HPRegen 0.38/turn    b - ring of Departure {Will+++ EV+5 Str+4 Dex-4}
MPRegen 0.56/turn

%: no passive effects
@: lightly drained
A: runic magic, artefact enchanting
a: Renounce Religion, Wall Jump, Serpent's Lash


You were on level 3 of the Lair of Beasts.
You worshipped Wu Jian.
Wu Jian was greatly pleased with you.
You visited 3 branches of the dungeon, and saw 14 of its levels.

You collected 611 gold pieces.

Inventory:

Hand Weapons
 y - the +4 war axe of Tomorrow (weapon) {elec, rN+ Int+3}
   (You found it on level 6 of the Dungeon)

   Int+3:     It affects your intelligence (+3).
   rN+:       It protects you from negative energy.
 C - a +4 war axe
 D - a +4 battleaxe of freezing
 E - a +5 battleaxe
Missiles
 j - a throwing net
 G - a curare-tipped dart
Armour
 c - a +0 buckler (worn)
 x - a +1 leather armour of poison resistance
 A - a +2 ring mail of poison resistance
 N - +0 acid dragon scales (worn)
Jewellery
 a - a ring of willpower
 b - the ring of Departure (right hand) {Will+++ EV+5 Str+4 Dex-4}
   (You found it on level 10 of the Dungeon)

   [ring of evasion]

   EV+5:      It affects your evasion (+5).
   Str+4:     It affects your strength (+4).
   Dex-4:     It affects your dexterity (-4).
   Will+++:   It greatly increases your willpower.
 g - a +6 ring of dexterity (left hand)
 h - an amulet of magic regeneration (around neck)
 s - a +5 ring of evasion
 t - a +6 ring of intelligence
 H - a ring of resist corrosion
 Q - a ring of poison resistance
Wands
 p - a wand of flame (14) (quivered)
 r - a wand of acid (10)
 O - a wand of iceblast (3)
 R - a wand of polymorph (5)
Scrolls
 d - 4 scrolls of immolation {unknown}
 f - 5 scrolls of teleportation {unknown}
 i - 6 scrolls of amnesia
 k - 3 scrolls of vulnerability {unknown}
 m - 4 scrolls of revelation {unknown}
 o - 5 scrolls of silence {unknown}
 u - 2 scrolls of brand weapon {unknown}
 w - 3 scrolls of fear {unknown}
 B - 2 scrolls of fog {unknown}
 F - a scroll of blinking {unknown}
 K - a scroll of noise {unknown}
 M - a scroll of torment {unknown}
Potions
 e - 2 potions of curing
 l - 4 potions of enlightenment
 n - 3 potions of mutation
 q - a potion of invisibility
 v - 2 potions of brilliance
 z - 2 potions of cancellation
 I - 2 potions of haste {unknown}
 L - a potion of resistance {unknown}
 P - a potion of heal wounds {unknown}
 S - a potion of might


   Skills:
 + Level 11.1 Fighting
 + Level 11.7 Axes
 + Level 11.1 Armour
 + Level 11.0 Shields
 - Level 5.0 Spellcasting
 + Level 7.2 Summonings


You had 13 spell levels left.
You knew the following spells:

 Your Spells              Type           Power      Damage    Failure   Level
a - Call Imp              Summ           40%        N/A       1%          2
b - Summon Cactus Giant   Summ           10%        N/A       87%         6

Your spell library contained the following spells:

 Spells                   Type           Power      Damage    Failure   Level
 Freeze                   Ice            12%        1d3       22%         1
 Magic Dart               Conj           12%        1d3       22%         1
 Blink                    Tloc           6%         N/A       34%         2
 Cigotuvi's Dreadful Rot  Necr/Alch/Air  6%         N/A       34%         2
 Scorch                   Fire           6%         2d5       34%         2
 Martyr's Knell           Necr/Summ      11%        N/A       45%         4
 Frozen Ramparts          Ice            6%         1d1       56%         3
 Hailstorm                Conj/Ice       3%         3d5       56%         3
 Sigil of Binding         Hex            3%         N/A       56%         3
 Flame Wave               Conj/Fire      3%         2d5       92%         4
 Ignite Poison            Fire/Alch      3%         N/A       92%         4
 Freezing Cloud           Conj/Ice/Air   1%         6-21      99%         5
 Death Channel            Necr           1%         N/A       100%        6
 Sculpt Simulacrum        Ice/Alch       1%         N/A       100%        6
 Borgnjor's Revivificati  Necr           1%         N/A       100%        8
 Infestation              Necr           1%         N/A       100%        8


Dungeon Overview and Level Annotations

Branches:
Dungeon (10/15)            Temple (1/1) D:7            Lair (3/5) D:10
 Shoals (0/4) Lair:2          Orc (0/2) D:9
  Snake: Lair:2-3    Spider: Lair:2-3

Altars:
Ashenzari
Cheibriados
Dithmenos
Elyvilon
Fedhas
Gozag
Hepliaklqana
Kikubaaqudgha
Makhleb
Nemelex Xobeh
Okawaru
Qazlal
Ru
Sif Muna
Trog
Uskayaw
Vehumet
Wu Jian
Xom
Yredelemnul
Zin
The Shining One

Shops:
D:9 (

Annotations:
Lair:3 Nergalle


Innate Abilities, Weirdness & Mutations

Your spellcasting is much less encumbered by armour.
You can use scrolls of enchantment on lesser artefacts.


Message History

Kirke misses you. The river rat bites you.
* * * LOW HITPOINT WARNING * * *
You closely miss Kirke.
Kirke is almost dead.
You hit the river rat. You slash the hell rat!
Lightning courses through the hell rat!!
You kill the hell rat!
The Council accepts your kill.
You barely miss the river rat.
The spectral orc warrior closely misses you.
The spectral orc warrior barely misses you.
The spectral orc warrior misses you.
Kirke points at you and mumbles some strange words.
You resist with almost no effort. The river rat bites you.
* * * LOW HITPOINT WARNING * * *
The river rat closely misses you.
You slash Kirke!
You kill Kirke!
The Council accepts your kill.
You slash the river rat!
You kill the river rat!
The Council accepts your kill.
You closely miss Nergalle. You slash the river rat!
You kill the river rat!
The Council accepts your kill.
The spectral orc warrior barely misses you.
The spectral orc warrior hits you but does no damage.
The spectral orc warrior closely misses you.
You block Nergalle's attack.
Your life force feels restored.
Your Shields skill increases to level 11!
As you read the scroll labelled LISENA ESHUCK, it crumbles to dust.
It is a scroll of amnesia.
Okay, then.
The spectral orc warrior hits you from afar with a +0 trident.
* * * LOW HITPOINT WARNING * * *
You partially resist.
You feel drained.
The spectral orc warrior closely misses you.
The spectral orc warrior hits you from afar with a +0 trident!
You die...

. #...... ..
#.......## ...
#........#
...#######.......##
##.#l.#..#.........#
......r..Z........#
..P...o@.Z........##
......r†...........#
......#Z...........##
##........#.........#
###.P....#........##
...P.......##..#.#
.##!.......##....##
#.P......###...#
#........P....##


You could see Nergalle, a komodo dragon, 3 spectral orc warriors and 2 river
rats.

Vanquished Creatures
  Kirke (Lair:3)
  A two-headed ogre (D:7)
  Pikel (D:9)
  A harpy (Lair:2)
  2 black mambas
  4 cane toads
  A torpor snail (Lair:2)
  3 komodo dragons
  A kobold demonologist (D:8)
  2 polar bears
  2 trolls
  A hornet (D:9)
  8 blink frogs
  Grinder (D:6)
  2 wraiths
  3 wyverns
  The ghost of jkt the Covert, an amateur SpEn (D:3)
  36 yaks
  3 hogs (Lair:3)
  Grum (D:9)
  A basilisk (Lair:2)
  A steam dragon (D:6)
  9 vampire mosquitoes
  An acid dragon (D:9)
  11 water moccasins
  5 orc warriors
  An ice beast (D:8)
  A black bear (D:5)
  6 centaurs
  5 wolves
  3 lemures (D:9)
  4 kobold brigands
  8 bullfrogs
  3 scorpions
  12 wights
  2 electric eels (D:10)
  2 howler monkeys (D:8)
  6 hounds
  3 jellies
  A gnoll bouda (D:5)
  6 orc priests
  2 sleepcaps
  Jessica (D:2)
  2 iguanas
  11 orc wizards
  9 hell rats
  A scorpion simulacrum (D:3)
  8 gnolls
  6 adders
  A hound simulacrum (D:3)
  5 river rats (Lair:3)
  A shadow imp (D:7)
  A white imp (D:6)
  3 dart slugs
  5 ribbon worms
  2 adder simulacra (D:3)
  21 orcs
  3 bats
  11 endoplasms
  7 giant cockroaches
  7 goblins
  7 hobgoblins
  4 jackals (D:1)
  5 quokkas
  3 ball pythons
  3 frilled lizards
  A giant cockroach simulacrum (D:3)
  24 kobolds
  4 rats
324 creatures vanquished.

Vanquished Creatures (others)
  A river rat (Lair:3)
1 creature vanquished.

Grand Total: 325 creatures vanquished

Notes
Turn   | Place    | Note
-------+----------+-------------------------------------------
     0 | D:1      | voltaire321 the Mountain Dwarf Fighter began the quest for
                  | the Orb.
     0 | D:1      | Reached XP level 1. HP: 19/19 MP: 1/1
   221 | D:1      | Reached XP level 2. HP: 21/26 MP: 2/2
   641 | D:1      | Reached XP level 3. HP: 28/33 MP: 3/3
  1084 | D:2      | Noticed Jessica
  1088 | D:2      | Killed Jessica
  1089 | D:2      | Reached XP level 4. HP: 40/40 MP: 4/4
  1570 | D:3      | Found a runed translucent gate.
  1570 | D:3      | Found a runed translucent gate.
  1570 | D:3      | Found a runed translucent gate.
  1607 | D:3      | Noticed jkt's ghost (amateur SpEn)
  1613 | D:3      | Found a faded altar of an unknown god.
  1844 | D:3      | Reached XP level 5. HP: 16/46 MP: 5/5
  2175 | D:3      | Killed jkt's ghost
  2176 | D:3      | Reached XP level 6. HP: 46/53 MP: 6/6
  2550 | D:4      | Learned a level 2 spell: Call Imp
  2613 | D:4      | HP: 2/55 [orc priest/+0 flail (6)]
  3019 | D:4      | Reached skill level 5 in Armour
  3027 | D:4      | Reached skill level 5 in Fighting
  3027 | D:4      | Reached skill level 5 in Shields
  3151 | D:5      | Entered Level 5 of the Dungeon
  3188 | D:5      | Reached skill level 1 in Summonings
  3193 | D:5      | Reached XP level 7. HP: 25/61 MP: 6/8
  3396 | D:5      | Reached skill level 5 in Axes
  3396 | D:5      | Reached skill level 1 in Spellcasting
  4107 | D:6      | Noticed Grinder
  4133 | D:6      | Paralysed by Grinder for 5 turns
  4153 | D:6      | Killed Grinder
  4154 | D:6      | Reached XP level 8. HP: 51/70 MP: 10/10
  4164 | D:6      | Identified the +4 war axe of Tomorrow {elec, rN+ Int+3}
  4662 | D:6      | Found a shimmering blue altar of Sif Muna.
  4662 | D:6      | Found a basalt altar of Yredelemnul.
  4972 | D:7      | Noticed a two-headed ogre
  5574 | D:7      | Killed a two-headed ogre
  5575 | D:7      | Reached XP level 9. HP: 48/78 MP: 13/13
  6307 | D:7      | Found a staircase to the Ecumenical Temple.
  6316 | Temple   | Entered the Ecumenical Temple
  6325 | Temple   | Became a worshipper of the Wu Jian Council
  6382 | D:8      | Found a glowing silver altar of Zin.
  6937 | D:8      | Reached * piety under Wu Jian
  7169 | D:8      | Reached XP level 10. HP: 74/86 MP: 16/16
  7222 | D:8      | Reached skill level 5 in Summonings
  8048 | D:9      | Found Mexyilic's Weapon Shoppe.
  8133 | D:9      | Noticed Grum
  8146 | D:9      | Killed Grum
  8218 | D:9      | Found a staircase to the Orcish Mines.
  8376 | D:9      | Noticed Pikel
  8391 | D:9      | Killed Pikel
  8729 | D:9      | Reached skill level 5 in Spellcasting
  9065 | D:10     | Entered Level 10 of the Dungeon
  9138 | D:10     | Identified the ring of Departure {Will+++ EV+5 Str+4 Dex-4}
  9402 | D:10     | Reached ** piety under Wu Jian
  9407 | D:10     | Reached XP level 11. HP: 15/97 MP: 18/18
 10132 | D:10     | Identified the +1 robe "Ypsuw" {-Cast rN+ Str+3}
 10133 | D:10     | Found a staircase to the Lair.
 10469 | D:10     | Reached skill level 10 in Axes
 10899 | D:10     | Learned a level 6 spell: Summon Cactus Giant
 10938 | D:10     | Got Neas's Vellum of Nightshade
 11252 | Lair:1   | Entered Level 1 of the Lair of Beasts
 11685 | Lair:1   | Reached *** piety under Wu Jian
 11693 | Lair:1   | You fall into a shaft and drop 1 floor!
 11759 | Lair:1   | Reached skill level 10 in Fighting
 11759 | Lair:1   | Reached skill level 10 in Armour
 11762 | Lair:1   | Reached skill level 10 in Shields
 12608 | Lair:1   | Reached XP level 12. HP: 21/107 MP: 19/19
 12997 | Lair:2   | Found a staircase to the Shoals.
 13439 | Lair:2   | Reached **** piety under Wu Jian
 14752 | Lair:3   | Noticed Kirke
 14760 | Lair:3   | Noticed Nergalle
 14772 | Lair:3   | Killed Kirke
 14773 | Lair:3   | Slain by a spectral orc warrior

Illustrated notes

Levels and vault maps discovered:
D:1:      matt_arrival_los_fun, layout_loops_ring
D:2:      layout_loops_ring, minivault_19, small_statue_intersection,
          uniq_jessica
D:3:      layout_basic, gammafunk_ghost_icy, ebering_ecumenical_altar_abandoned,
          grunt_ministairs_2
D:4:      layout_rooms
D:5:      layout_gridville
D:6:      layout_cave_pools, nicolae_overflow_two_pavilions,
          grunt_decor_one_mirror, minivault_23, uniq_grinder
D:7:      layout_basic, minmay_temple_entry_nine_rooms, hangedman_decor_growths
D:8:      minmay_flawed_box, layout_loops_corners, lemuel_crystal_altar
D:9:      layout_gridville, orc_0_dummy, serial_shops, shop, uniq_grum,
          uniq_pikel
D:10:     layout_irregular_city, erik_lair_island
Temple:   nicolae_temple_bog_church
Lair:1:   layout_cellular_growth, infiniplex_staircase_pool_2
Lair:2:   layout_gridlike, nicolae_shoals_entry_roost, roderic_carrion_pond
Lair:3:   layout_gridlike, hellmonk_spider_entry_life_and_decay,
          kennysheep_rathole, uniq_fannar, uniq_nergalle, uniq_kirke

Skill      XL: |  1  2  3  4  5  6  7  8  9 10 11 12 |
---------------+-------------------------------------+-----
Axes           | 3 4 5 7 9 10 11 | 11.7
Fighting       | 4 5 6 7 9 10 11 | 11.1
Armour         | 4 5 6 7 8 10 11 | 11.1
Shields        | 4 5 6 7 8 10 11 | 11.0
Summonings     | 1 2 4 5 6 7 |  7.2
Spellcasting   | 1 3 4 5 |  5.0

Action                     |  1- 3 |  4- 6 |  7- 9 | 10-12 || total
---------------------------+-------+-------+-------+-------++-------
  Melee: War axe           |    89 |   155 |   241 |   453 ||   938
  Throw: Throwing net      |       |     1 |       |       ||     1
   Cast: Call Imp          |       |       |       |     1 ||     1
Ability: Lunge             |       |       |     8 |    20 ||    28
         Whirlwind         |       |       |       |    20 ||    20
  Evoke: Wand              |       |     5 |    47 |    32 ||    84
    Use: Potion            |       |     1 |     1 |     2 ||     4
         Scroll            |       |       |     6 |     2 ||     8
 Armour: Scale mail        |    63 |   100 |   144 |    45 ||   352
         Acid dragon scale |       |       |       |   268 ||   268
  Dodge: Dodged            |    39 |    65 |   142 |   349 ||   595
  Block: Buckler           |    23 |    43 |    62 |   162 ||   290

Table legend: (Time is in decaauts)
 A = Elapsed time spent in this place.
 B = Non-inter-level travel time spent in this place.
 C = Inter-level travel time spent in this place.
 D = Time resting spent in this place.
 E = Time spent auto-exploring this place.
 F = Levels seen in this place.
 G = Mean time per level.
                   A        B        C        D        E       F      G
               +--------+--------+--------+--------+--------+-----+--------+
         Total |  14933 |  14706 |    227 |   5357 |   6465 |  14 | 1066.6 |
       Dungeon |  11393 |  11194 |    199 |   3438 |   5479 |  10 | 1139.3 |
        Temple |     18 |     18 |      0 |      0 |      0 |   1 |   18.0 |
          Lair |   3521 |   3493 |     28 |   1919 |    986 |   3 | 1173.7 |
               +--------+--------+--------+--------+--------+-----+--------+

Top non-repeatable levels by time:
    D:10: 2199 daAuts
  Lair:1: 1678 daAuts
  Lair:2: 1672 daAuts
     D:8: 1664 daAuts
     D:7: 1404 daAuts
     D:9: 1061 daAuts
     D:3: 1032 daAuts
     D:5: 1001 daAuts
     D:6: 830 daAuts
     D:2: 805 daAuts
     D:1: 723 daAuts
     D:4: 669 daAuts
  Lair:3: 170 daAuts
  Temple: 18 daAuts
